 Dungeon Crawl Stone Soup version 0.21-a0-331-gfb491b4 (webtiles) character file.

135 4thArraOfDagon the Fighter (level 5, -5/81 HPs)
             Began as a Gnoll Wanderer on Oct 2, 2017.
             Killed by divine providence
             ... invoked by an orc priest
              (16 damage)
             ... on level 3 of the Dungeon.
             The game lasted 00:02:01 (505 turns).

4thArraOfDagon the Fighter (Gnoll Wanderer)          Turns: 505, Time: 00:02:01

Health: -5/81      AC: 22    Str: 18 (19) XL:     5   Next: 18%
Magic:  6/7        EV:  2    Int: 12 (14) God:
Gold:   38         SH:  0    Dex: 14 (16) Spells: 6/6 levels left

rFire    + . .     SeeInvis .   a - +2 spear
rCold    + . .     Gourm    .   (no shield)
rNeg     + + +     Faith    .   (armour currently unavailable)
rPois    +         Spirit   .   (helmet currently unavailable)
rElec    +         Reflect  .   (cloak currently unavailable)
rCorr    +         Harm     .   (gloves currently unavailable)
MR       .....     NoTele   +   (boots currently unavailable)
Stlth    ++........             (no amulet)
HPRegen  0.23/turn              (no ring)
MPRegen  0.10/turn              (no ring)

@: mighty, tree-form (expiring), resistant
A: distributed training, strong nose
a: no special abilities


You were on level 3 of the Dungeon.
You were not hungry.
You were a tree.
You visited 1 branch of the dungeon, and saw 4 of its levels.

You collected 38 gold pieces.

Inventory:

Hand Weapons
 a - a +2 spear (weapon)
Armour
 c - a +0 ring mail (melded)
Wands
 m - a wand of polymorph (7/24)
Scrolls
 e - a scroll of identify {unknown}
 g - a scroll of enchant armour {unknown}
 k - a scroll of recharging {unknown}
Potions
 i - a potion of curing
Books
 l - a book of Cantrips

   Spells                             Type                      Level
   a - Confusing Touch                Hexes                        1
   b - Animate Skeleton               Necromancy                   1
   c - Summon Small Mammal            Summoning                    1
   d - Apportation                    Translocation                1
Comestibles
 d - 2 bread rations


   Skills:
 + Level 10.4 Fighting
 + Level 1.3 Short Blades
 + Level 1.3 Long Blades
 + Level 1.3 Axes
 + Level 1.3 Maces & Flails
 + Level 1.3 Polearms
 + Level 1.3 Staves
 + Level 1.3 Slings
 + Level 1.3 Bows
 + Level 1.3 Crossbows
 + Level 4.7 Throwing
 + Level 4.7 Armour
 + Level 1.3 Dodging
 + Level 2.7 Stealth
   Level 0.0 Stabbing
 + Level 1.3 Shields
   Level 0.0 Traps
 + Level 1.3 Unarmed Combat
 + Level 1.3 Spellcasting
 + Level 1.3 Conjurations
 + Level 1.3 Hexes
 + Level 1.3 Charms
 + Level 1.3 Summonings
 + Level 1.3 Necromancy
 + Level 1.3 Translocations
 + Level 1.3 Transmutations
 + Level 1.3 Fire Magic
 + Level 1.3 Ice Magic
 + Level 1.3 Air Magic
 + Level 1.3 Earth Magic
 + Level 1.3 Poison Magic
 + Level 1.3 Invocations
 + Level 1.3 Evocations


You had 6 spell levels left.
You didn't know any spells.

Dungeon Overview and Level Annotations

Branches:
Dungeon (4/15)
 Temple: D:4-7

Altars:
Elyvilon


Innate Abilities, Weirdness & Mutations

Your experience applies equally to all skills.
((You have very sharp teeth.))
Your uncanny sense of smell can sniff out nearby items.


Message History

You kill the orc!
The orc priest invokes the aid of Beogh against you.
Beogh smites you!
* * * LOW HITPOINT WARNING * * *
Unknown command.
Attack whom?
Press: ? - help, Dir - move target cursor, f - adder
Aim: an adder
Okay, then.
You puncture the adder!
You kill the adder!
Your transformation is almost over.
The orc priest looks satisfied for a moment.
Unknown command.
As you read the scroll labeled LAERATE OMOACW, it crumbles to dust.
You cannot blink because you are held in place by your roots.
It was a scroll of blinking.
The orc priest invokes the aid of Beogh against you.
Beogh smites you!
You die...

##########
#........#
#.######.#
#.# #.# #.#
#.# #.# #.#
#.# #.#
.o.#######.#
#.#
..o.oK)♣)..#
#.#
.o#######..#
#.#
#######..#
#.#
.........#
#.#
#######.##
#.#
#.....#.#
#.#
#.....#.#
#.#
#..(....#
#.#
#.....###
####.#


You could see an orc priest, an orc wizard, 2 orcs and a kobold.

Vanquished Creatures
  2 orc wizards (D:3)
  3 adders
  2 gnolls (D:3)
  2 worms (D:3)
  3 orcs (D:3)
  3 bats
  2 giant cockroaches (D:2)
  3 goblins (D:2)
  3 hobgoblins (D:2)
  A ball python (D:3)
  A frilled lizard (D:3)
  3 kobolds (D:2)
  A rat (D:2)
29 creatures vanquished.

Notes
Turn   | Place    | Note
-------+----------+-------------------------------------------
     0 | D:1      | Reached skill level 10 in Fighting
     0 | D:1      | 4thArraOfDagon the Gnoll Wanderer began the quest for the Orb.
     0 | D:1      | 4thArraOfDagon set off with: a +2 spear, a potion of lignification, a +0 ring mail, a bread ration
     0 | D:1      | Reached XP level 1. HP: 28/28 MP: 1/1
   127 | D:2      | Reached XP level 2. HP: 36/36 MP: 2/2
   160 | D:2      | Found a white marble altar of Elyvilon.
   286 | D:2      | Reached XP level 3. HP: 30/42 MP: 3/3
   402 | D:4      | Noticed a gnoll sergeant
   409 | D:3      | Reached skill level 1 in Short Blades
   409 | D:3      | Reached skill level 1 in Long Blades
   409 | D:3      | Reached skill level 1 in Axes
   409 | D:3      | Reached skill level 1 in Maces & Flails
   409 | D:3      | Reached skill level 1 in Polearms
   409 | D:3      | Reached skill level 1 in Staves
   409 | D:3      | Reached skill level 1 in Slings
   409 | D:3      | Reached skill level 1 in Bows
   409 | D:3      | Reached skill level 1 in Crossbows
   409 | D:3      | Reached skill level 1 in Dodging
   409 | D:3      | Reached skill level 1 in Shields
   409 | D:3      | Reached skill level 1 in Unarmed Combat
   409 | D:3      | Reached skill level 1 in Spellcasting
   409 | D:3      | Reached skill level 1 in Conjurations
   409 | D:3      | Reached skill level 1 in Hexes
   409 | D:3      | Reached skill level 1 in Charms
   409 | D:3      | Reached skill level 1 in Summonings
   409 | D:3      | Reached skill level 1 in Necromancy
   409 | D:3      | Reached skill level 1 in Translocations
   409 | D:3      | Reached skill level 1 in Transmutations
   409 | D:3      | Reached skill level 1 in Fire Magic
   409 | D:3      | Reached skill level 1 in Ice Magic
   409 | D:3      | Reached skill level 1 in Air Magic
   409 | D:3      | Reached skill level 1 in Earth Magic
   409 | D:3      | Reached skill level 1 in Poison Magic
   409 | D:3      | Reached skill level 1 in Invocations
   409 | D:3      | Reached skill level 1 in Evocations
   415 | D:3      | Reached XP level 4. HP: 26/48 MP: 5/5
   502 | D:3      | Reached XP level 5. HP: 18/54 MP: 6/6
   505 | D:3      | Killed from afar by an orc priest

Vault maps used:
D:1:      minmay_arrival_four_houses
D:2:      kiku_gazebo_pond_becter, first_bread, elyvilon_altar_4
D:4:      kennysheep_slug_shrine, serial_shops, kennysheep_mini, uniq_robin,
          uniq_ijyb, uniq_menkaure, uniq_eustachio

Skill      XL: |  1  2  3 |
---------------+----------+-----
Fighting       | | 10.4
Short Blades   | 1 |  1.3
Long Blades    | 1 |  1.3
Axes           | 1 |  1.3
Maces & Flails | 1 |  1.3
Polearms       | 1 |  1.3
Staves         | 1 |  1.3
Slings         | 1 |  1.3
Bows           | 1 |  1.3
Crossbows      | 1 |  1.3
Dodging        | 1 |  1.3
Shields        | 1 |  1.3
Unarmed Combat | 1 |  1.3
Spellcasting   | 1 |  1.3
Conjurations   | 1 |  1.3
Hexes          | 1 |  1.3
Charms         | 1 |  1.3
Summonings     | 1 |  1.3
Necromancy     | 1 |  1.3
Translocations | 1 |  1.3
Transmutations | 1 |  1.3
Fire Magic     | 1 |  1.3
Ice Magic      | 1 |  1.3
Air Magic      | 1 |  1.3
Earth Magic    | 1 |  1.3
Poison Magic   | 1 |  1.3
Invocations    | 1 |  1.3
Evocations     | 1 |  1.3
Throwing       | |  4.7
Armour         | |  4.7
Stealth        | |  2.7

Action                   |  1- 3 |  4- 6 || total
-------------------------+-------+-------++-------
Melee: Spear             |   105 |    33 ||   138
       Bite              |    16 |     2 ||    18
  Use: Potion            |     1 |     5 ||     6
       Scroll            |       |     1 ||     1
 Stab: Sleeping          |     3 |       ||     3
Armor: Ring mail         |    39 |     5 ||    44
       Skin              |       |    31 ||    31
Dodge: Dodged            |    58 |     7 ||    65

Table legend:
 A = Spawn XP
 B = Non-spawn XP
 C = Spawn XP percentage of total XP
 D = Spawn monster count
 E = Non-spawn monster count
 F = Spawn count percentage of total count
 G = Total turns spent on level
                    A         B        C        D         E        F      G
               +---------+---------+-------+---------+---------+-------+---------
         Total |       0 |     193 |   0.0 |       0 |      29 |   0.0 |   505
               +---------+---------+-------+---------+---------+-------+---------
           D:2 |       0 |      39 |   0.0 |       0 |      15 |   0.0 |   282
           D:3 |       0 |     154 |   0.0 |       0 |      14 |   0.0 |   196
               +---------+---------+-------+---------+---------+-------+---------
